 Dungeon Crawl Stone Soup version 0.31-a0-1002-g8e65716e6e (webtiles) character file.

Game seed: 16441592297221200727

105368 Jannitor the Black Belt (level 15, -12/193 HPs)
             Began as a Demigod Delver on Nov 10, 2023.
             Mangled by a skeletal warrior
             ... wielding a +0 trident
              (19 damage)
             ... on level 15 of the Dungeon.
             The game lasted 01:05:46 (33707 turns).

Jannitor the Black Belt (Demigod Delver)           Turns: 33707, Time: 01:05:46

Health: -12/193    AC:  5    Str: 17    XL:     15   Next: 47%
Magic:  0/18       EV: 23    Int: 18    God:
Gold:   1546       SH:  8    Dex: 30    Spells: 8/14 levels left

rFire   + .          .
                       - Unarmed
rCold   + . .        (no shield)
rNeg    . . .        F - melded +1 scale mail {rPois}
rPois   +            Z - +0 hat of Failure {rF+ Regen+ Slay+2}
rElec   +            l - +1 cloak
rCorr   .            x - +0 pair of gloves {infuse}
SInv    .            (no boots)
Will    ++...        Y - brooch of Shielding {Spirit SH+8} Stlth
                     t - ring of Pufuef {+Blink rElec Will+ Int+3 Slay+2}
HPRegen 1.32/turn    a - ring "Ovue" {rPois rC+}
MPRegen 0.16/turn

%: guardian spirit
@: berserking (expiring), maw-form, marked, very quick
A: devouring maw, high MP 1, forlorn, divine attributes, iridescent scales 1,
strong 1, subdued magic 1
a: Begin Untransformation, Evoke Blink


You were on level 15 of the Dungeon.
You were a creature with a mouth for a stomach.
You visited 4 branches of the dungeon, and saw 23 of its levels.
You also visited: Trove.

You collected 2673 gold pieces.
You spent 1127 gold pieces at shops.

Inventory:

Missiles
 h - a throwing net
Armour
 i - a +0 crystal plate armour
 l - a +1 cloak (worn)
 n - a +2 kite shield of protection
 x - a +0 pair of gloves of infusion (worn)
 F - a +1 scale mail of poison resistance (melded)
 T - +0 acid dragon scales
 Z - the +0 hat of Failure (worn) {rF+ Regen+ Slay+2}
   (You found it in a treasure trove)

   Slay+2:    It affects your accuracy & damage with ranged weapons and melee
   (+2).
   rF+:       It protects you from fire.
   Regen+:    It increases your rate of health regeneration.
Jewellery
 a - the ring "Ovue" (right hand) {rPois rC+}
   (You found it on level 13 of the Dungeon)

   [ring of poison resistance]

   rC+:       It protects you from cold.
   rPois:     It protects you from poison
 f - the ring "Somuaq" {AC+4 Str+3}
   (You found it in a treasure trove)

   [ring of protection]

   AC+4:      It affects your AC (+4).
   Str+3:     It affects your strength (+3).
 m - a ring of protection from cold
 o - the amulet of Achut {Acrobat rC- Str+4}
   (You found it in a treasure trove)

   [amulet of the acrobat]

   Acrobat:   It increases your evasion while moving and waiting.
   Str+4:     It affects your strength (+4).
   rC-:       It makes you vulnerable to cold.
 r - a ring of resist corrosion
 t - the ring of Pufuef (left hand) {+Blink rElec Will+ Int+3 Slay+2}
   (You found it in a treasure trove)

   [ring of willpower]

   Int+3:     It affects your intelligence (+3).
   Slay+2:    It affects your accuracy & damage with ranged weapons and melee
   (+2).
   rElec:     It insulates you from electricity.
   Will+:     It increases your willpower.
   +Blink:    It lets you blink.
 w - a ring of see invisible
 A - the ring of Coronation {rElec rPois rC+}
   (You took it off a yaktaur on level 13 of the Dungeon)

   [ring of protection from cold]

   rC+:       It protects you from cold.
   rElec:     It insulates you from electricity.
   rPois:     It protects you from poison
 C - the ring "Curiani Idghe" {Int+3 SInv}
   (You found it in a treasure trove)

   [ring of see invisible]

   Int+3:     It affects your intelligence (+3).
   SInv:      It lets you see invisible.
 E - a ring of flight
 Y - the brooch of Shielding (around neck) {Spirit SH+8}
   (You found it in a treasure trove)

   [amulet of guardian spirit]

   Spirit:    It causes incoming damage to be divided between your reserves of
   health and magic.
   SH+8:      It affects your SH (+8).
Talismans
 j - a storm talisman
 q - a flux talisman
 u - a blade talisman
 J - a serpent talisman
 O - a dragon-blood talisman
 U - a maw talisman (active)
Wands
 y - a wand of flame (1)
 B - a wand of polymorph (12)
 L - a wand of charming (12)
 M - a wand of mindburst (11)
 S - a wand of light (7)
Scrolls
 b - a scroll of fog
 c - 3 scrolls of revelation
 d - a scroll of brand weapon
 e - 6 scrolls of identify
 p - 6 scrolls of teleportation
 v - 2 scrolls of amnesia
 G - 2 scrolls of torment
 I - 3 scrolls of immolation
 W - a scroll of butterflies
Potions
 g - 6 potions of brilliance
 s - a potion of cancellation
 z - 6 potions of lignification
 H - 2 potions of mutation
 K - 7 potions of curing
 N - a potion of berserk rage
 Q - a potion of resistance
 V - a potion of attraction
Miscellaneous
 P - a condenser vane (inert)


   Skills:
 + Level 11.1 Fighting
 - Level 3.9 Armour
 + Level 10.1 Dodging
 - Level 5.1 Stealth
 * Level 15.9 Unarmed Combat
 - Level 2.5 Translocations
 + Level 8.2 Evocations
 + Level 12.2 Shapeshifting


You had 8 spell levels left.
You knew the following spells:

 Your Spells              Type           Power      Damage    Failure   Level
a - Blink                 Tloc           12%        N/A       10%         2
b - Manifold Assault      Tloc           6%         N/A       56%         4

Your spell library contained the following spells:

 Spells                   Type           Power      Damage    Failure   Level
 Apportation              Tloc           12%        N/A       6%          1
 Freeze                   Ice            0%         1d3       19%         1
 Magic Dart               Conj           0%         1d3       19%         1
 Necrotise                Necr           0%         1d4       19%         1
 Shock                    Conj/Air       0%         1d3       19%         1
 Summon Small Mammal      Summ           0%         N/A       19%         1
 Ensorcelled Hibernation  Hex/Ice        0%         N/A       28%         2
 Passwall                 Tmut/Erth      0%         N/A       28%         2
 Scorch                   Fire           0%         2d5       28%         2
 Searing Ray              Conj           0%         2d4       28%         2
 Static Discharge         Conj/Air       0%         3-3/arc   28%         2
 Frozen Ramparts          Ice            0%         1d1       50%         3
 Hailstorm                Conj/Ice       0%         3d3       50%         3
 Inner Flame              Hex/Fire       0%         N/A       50%         3
 Swiftness                Air            0%         N/A       50%         3
 Tukima's Dance           Hex            0%         N/A       50%         3
 Vampiric Draining        Necr           0%         2d6       50%         3
 Dimensional Bullseye     Hex/Tloc       1%         N/A       75%         4
 Iskenderun's Mystic Bla  Conj/Tloc      3%         2d3       75%         4
 Airstrike                Air            0%         2d(0-16)  89%         4
 Animate Dead             Necr           0%         N/A       89%         4
 Flame Wave               Conj/Fire      0%         2d4       89%         4
 Fulminant Prism          Conj/Hex       0%         3d5       89%         4
 Sticky Flame             Conj/Fire      0%         2d3       89%         4
 Summon Lightning Spire   Summ/Air       0%         N/A       89%         4
 Agony                    Necr           0%         N/A       99%         5
 Summon Cactus Giant      Summ           0%         N/A       100%        6
 Haunt                    Necr/Summ      0%         N/A       100%        7
 Infestation              Necr           0%         N/A       100%        8


Dungeon Overview and Level Annotations

Branches:
Dungeon (15/15)            Temple (1/1) D:7            Lair (5/5) D:9
 Shoals (0/4) Lair:2        Snake (0/4) Lair:2        Slime (0/5) Lair:5
    Orc (2/2) D:9             Elf (0/3) Orc:2        Vaults (0/5) D:13
 Depths: D:15

Shops:
D:5 [   D:8 (   D:14 (   Orc:2 (*:[

Portals:
Abyss: Lair:5

Annotations:
D:4 1 runed translucent door, mitkoXXVII's ghost, amateur OpBr
D:6 Eustachio
D:12 2 transporters, niknal's ghost, journeyman TeWr
D:13 1 runed translucent door, 2 transporters, semem's ghost, journeyman DjSh
Lair:1 1 runed translucent door
Lair:2 exclusions: lava snake and salamander
Lair:5 exclusion: oklob plant


Innate Abilities, Weirdness & Mutations

You are a creature with a mouth for a stomach.
Your midsection houses a second, enormous mouth.
You have an increased reservoir of magic. (+10% MP)
You shall have no god before yourself.
Your divine heritage dramatically boosts your attributes as you level up.
You are partially covered in iridescent scales. (AC +2)
Your muscles are strong. (Str +4, Int/Dex -1)
Your spells are a little easier to cast, but a little less powerful.


Message History

Things that are here:
a +0 giant club; a +0 giant club; a +0 giant club You pummel the two-headed ogre!!
You bite the two-headed ogre!
The two-headed ogre is severely wounded.
You pummel the two-headed ogre!!
You devour half of the two-headed ogre!
You feel better.
You kill the two-headed ogre!
The skeletal warrior completely misses you.
The cyclops throws a large rock.
The large rock hits you!!!
* * * LOW HITPOINT WARNING * * *
Unknown command.
You hit the skeletal warrior.
You punch the skeletal warrior, but do no damage.
Your bite misses the skeletal warrior.
The skeletal warrior is lightly damaged.
You barely miss the skeletal warrior.
The skeletal warrior is lightly damaged.
You barely miss the skeletal warrior. Your bite misses the skeletal warrior.
You completely miss the skeletal warrior.
The skeletal warrior barely misses you.
You pummel the skeletal warrior!!
The skeletal warrior is moderately damaged.
You pummel the skeletal warrior!!
The skeletal warrior is severely damaged.
The skeletal warrior hits you with a +0 trident!
* * * LOW HITPOINT WARNING * * *
You block the skeletal warrior's attack.
You hit the skeletal warrior. You bite the skeletal warrior!
The skeletal warrior is almost destroyed.
You punch the skeletal warrior! You bite the skeletal warrior.
You destroy the skeletal warrior!
The skeletal warrior hits you with a +0 trident!!
* * * LOW HITPOINT WARNING * * *
You pummel the skeletal warrior!! Your bite misses the skeletal warrior.
The skeletal warrior is heavily damaged.
You hit the skeletal warrior.
The skeletal warrior is heavily damaged.
You block the skeletal warrior's attack.
The skeletal warrior hits you with a +0 trident!!
You die...

#...# ....
#...# ....
#.### ####
#.# #.# #.#
#.#
#.##########
#zzW..C.....
#zz#########
. #..# #).#
#).# #).#
#..# #...
#..##


You could see 4 skeletal warriors and a cyclops.

Vanquished Creatures
  Rupert (D:13)
  An orc warlord (Orc:2)
  An ironbound thunderhulk (D:13)
  2 very ugly things
  Erolcha (D:10)
  11 hydras
  2 vault guards (D:13)
  2 catoblepae
  Erica (D:9)
  4 centaur warriors
  An ogre mage (D:15)
  10 two-headed ogres
  4 boulder beetles
  8 death yaks
  2 tengu warriors (D:14)
  An orc high priest (Orc:2)
  3 thrashing horrors (Lair:5)
  Amaemon (Lair:1)
  Nergalle (Orc:2)
  Sonja (Lair:4)
  2 skeletal warriors
  2 skysharks
  2 large abominations (Lair:5)
  A spriggan simulacrum (D:14)
  17 ugly things
  A harpy (Lair:2)
  A deep elf zephyrmancer (D:13)
  5 orc knights
  Pikel (D:6)
  3 deep elf pyromancers
  2 manticores
  2 orc sorcerers (Orc:2)
  3 cyclopes
  8 black mambas
  An orange demon (Lair:2)
  3 gargoyles
  4 smoke demons (Lair:5)
  Maggie (D:9)
  3 rime drakes
  18 cane toads
  Jeremiah (D:6)
  10 komodo dragons
  An unseen horror (D:11)
  An anaconda simulacrum (D:14)
  2 kobold demonologists
  2 freezing wraiths
  A yaktaur (D:13)
  4 trolls
  2 golden dragon simulacra (D:14)
  4 polar bears
  23 blink frogs
  A blink frog (shapeshifter) (D:13)
  4 raiju (Lair:5)
  A centaur simulacrum (D:13)
  17 slime creatures
  5 shadows
  A ynoxinul (Lair:5)
  A spriggan (shapeshifter) (D:11)
  65 yaks
  2 vampires
  A water elemental (D:12)
  A wraith (D:13)
  4 wyverns
  8 basilisks
  A human (D:13)
  2 steam dragons
  8 vampire mosquitoes
  A minotaur simulacrum (D:14)
  A chaos spawn (Lair:5)
  2 wargs
  A swamp worm (shapeshifter) (D:14)
  3 acid dragons
  7 water moccasins
  28 orc warriors
  An ice beast (D:7)
  A sky beast (D:7)
  A black bear (D:6)
  10 ogres
  8 centaurs
  18 wolves
  4 lemures
  4 scorpions
  12 bullfrogs
  A deep troll simulacrum (D:14)
  13 small abominations (Lair:5)
  10 wights
  A lindwurm simulacrum (D:14)
  28 killer bees
  5 howler monkeys
  7 electric eels
  A lava snake (D:14)
  2 hounds
  14 orc priests
  26 orc wizards
  A sleepcap (D:4)
  An iguana (D:6)
  6 hell rats (Lair:5)
  A gnoll (D:3)
  10 adders
  2 white imps
  4 ufetubi
  A worm (D:3)
  2 dart slugs
  53 orcs
  8 ball pythons
  8 endoplasms
  7 giant cockroaches
  7 goblins
  4 hobgoblins
  8 jackals
  6 kobolds
  3 quokkas
  4 bats
  2 frilled lizards
  6 rats
665 creatures vanquished.

Vanquished Creatures (others)
  An orc wizard (Orc:2)
1 creature vanquished.

Grand Total: 666 creatures vanquished

Notes
Turn   | Place    | Note
-------+----------+-------------------------------------------
     0 | D:5      | Jannitor the Demigod Delver began the quest for the Orb.
     0 | D:5      | Reached XP level 1. HP: 18/18 MP: 3/3
   135 | D:5      | Noticed a scorpion
   141 | D:5      | Killed a scorpion
   142 | D:5      | Reached skill level 2 in Unarmed Combat
   142 | D:5      | Reached XP level 2. HP: 26/26 MP: 4/4
   142 | D:5      | Reached XP level 3. HP: 31/31 MP: 5/5
   570 | D:3      | Reached skill level 5 in Stealth
   580 | D:3      | Reached XP level 4. HP: 16/38 MP: 6/6
  2168 | D:2      | Reached skill level 3 in Unarmed Combat
  2168 | D:2      | Reached skill level 1 in Shapeshifting
  2497 | D:2      | Reached XP level 5. HP: 45/45 MP: 7/7
  3291 | D:4      | Found a runed translucent door.
  3302 | D:4      | Noticed mitkoXXVII's ghost (amateur OpBr)
  4316 | D:5      | Found Junkont's Armour Shoppe.
  4323 | D:4      | Reached XP level 6. HP: 16/51 MP: 8/8
  4702 | D:5      | Bought a +0 pair of gloves of infusion for 161 gold pieces
  4918 | D:6      | Noticed a two-headed ogre
  4931 | D:6      | Noticed Jeremiah
  5160 | D:7      | Noticed Pikel
  5406 | D:6      | Reached skill level 4 in Unarmed Combat
  5623 | D:6      | Noticed Eustachio
  5688 | D:6      | Gained mutation: You are partially covered in iridescent
                  | scales. (AC +2) [potion of mutation]
  5688 | D:6      | Gained mutation: Your spells are a little easier to cast,
                  | but a little less powerful. [potion of mutation]
  5688 | D:6      | Gained mutation: Your muscles are strong. (Str +4, Int/Dex
                  | -1) [potion of mutation]
  6073 | D:7      | Found a staircase to the Ecumenical Temple.
  6083 | D:7      | Reached XP level 7. HP: 34/57 MP: 5/9
  6215 | Temple   | Entered the Ecumenical Temple
  6418 | D:7      | Reached skill level 5 in Shapeshifting
  6598 | D:7      | Noticed a steam dragon
  6909 | D:7      | Reached skill level 5 in Unarmed Combat
  7151 | D:6      | Killed Pikel
  7152 | D:6      | Reached XP level 8. HP: 43/63 MP: 7/10
  7429 | D:7      | Reached skill level 6 in Unarmed Combat
  8238 | D:8      | Reached XP level 9. HP: 70/70 MP: 7/11
  8301 | D:8      | Noticed a two-headed ogre
  8866 | D:6      | Reached skill level 7 in Unarmed Combat
  8880 | D:6      | Killed Jeremiah
  9736 | D:8      | Reached skill level 1 in Armour
  9932 | D:8      | Reached skill level 8 in Unarmed Combat
  9983 | D:8      | Found Haux's Weapon Boutique.
 10402 | D:8      | Killed a two-headed ogre
 10564 | D:9      | Noticed Maggie
 10575 | D:9      | Killed Maggie
 10576 | D:9      | Reached XP level 10. HP: 80/80 MP: 5/13
 10665 | D:9      | Found a staircase to the Lair.
 10681 | D:9      | Reached skill level 5 in Fighting
 10862 | D:9      | Noticed Erica
 10888 | D:9      | Killed Erica
 10993 | D:9      | Reached skill level 9 in Unarmed Combat
 11828 | D:9      | Found a staircase to the Orcish Mines.
 12078 | D:10     | Entered Level 10 of the Dungeon
 12082 | D:10     | Noticed Erolcha
 12118 | Lair:1   | Entered Level 1 of the Lair of Beasts
 12467 | Lair:1   | Reached skill level 10 in Unarmed Combat
 12589 | Lair:1   | Reached XP level 11. HP: 71/89 MP: 14/14
 14385 | Lair:1   | Found a runed translucent door.
 14394 | Lair:1   | Found the +5 demon whip "Spellbinder" {antimagic, disrupt,
                  | Will+}
 14511 | Lair:2   | Reached skill level 5 in Dodging
 14556 | Lair:2   | Noticed a harpy
 14604 | Lair:2   | Killed a harpy
 14885 | Lair:2   | Reached skill level 11 in Unarmed Combat
 15069 | Lair:2   | Found a staircase to the Snake Pit.
 15482 | Lair:2   | Reached skill level 1 in Evocations
 15691 | Lair:2   | Found a staircase to the Shoals.
 15901 | Lair:2   | Noticed Amaemon
 15942 | Lair:1   | Killed Amaemon
 16266 | Lair:3   | Noticed a skyshark
 16317 | Lair:3   | Killed a skyshark
 16523 | Lair:3   | Noticed a death yak
 16523 | Lair:3   | Noticed a death yak
 16523 | Lair:3   | Noticed a death yak
 16523 | Lair:3   | Noticed a death yak
 16557 | Lair:3   | Killed a death yak
 16558 | Lair:3   | Reached XP level 12. HP: 85/100 MP: 15/15
 16567 | Lair:3   | Reached skill level 10 in Shapeshifting
 16826 | Lair:3   | Noticed an eight-headed hydra
 16864 | Lair:3   | Killed an eight-headed hydra
 17279 | Lair:3   | Reached skill level 12 in Unarmed Combat
 18890 | Lair:4   | Noticed a five-headed hydra
 19472 | Lair:5   | Entered Level 5 of the Lair of Beasts
 19513 | Lair:5   | Noticed a five-headed hydra
 19566 | Lair:5   | Noticed a four-headed hydra
 19586 | Lair:5   | Killed a four-headed hydra
 19673 | Lair:5   | Noticed a six-headed hydra
 19686 | Lair:5   | Found the +1 robe of Vines {NoPotionHeal Regen++++}
 20121 | Lair:4   | Noticed Sonja
 20125 | Lair:4   | Killed Sonja
 20134 | Lair:4   | Reached XP level 13. HP: 108/108 MP: 16/16
 20370 | Lair:4   | Reached skill level 13 in Unarmed Combat
 21359 | Lair:5   | Reached skill level 5 in Evocations
 21382 | Lair:5   | Identified a scroll of acquirement
 21385 | Lair:5   | Acquired 573 gold pieces
 23100 | Lair:5   | Reached skill level 14 in Unarmed Combat
 23193 | Lair:5   | Found a one-way gate to the infinite horrors of the Abyss.
 23472 | Lair:5   | Found a staircase to the Slime Pits.
 23668 | Orc:1    | Entered Level 1 of the Orcish Mines
 23822 | Orc:2    | Entered Level 2 of the Orcish Mines
 23831 | Orc:2    | Found a staircase to the Elven Halls.
 24140 | Orc:2    | Paralysed by an orc sorcerer for 2 turns
 24278 | Orc:1    | Reached XP level 14. HP: 106/119 MP: 17/17
 24550 | Orc:2    | Noticed Nergalle
 24922 | Orc:1    | You fall into a shaft and drop 1 floor!
 25242 | Orc:2    | Killed Nergalle
 25532 | Orc:2    | Noticed an orc warlord
 26125 | Orc:2    | Killed an orc warlord
 26218 | Orc:2    | Found Qocucor's Antique Armour Shoppe.
 26248 | Orc:2    | Found Yhotistra's Antique Weapon Shoppe.
 26323 | Orc:2    | Found Xoagei's Book Shoppe.
 26337 | Orc:2    | Found Senaimid's General Store.
 26345 | Orc:2    | Bought a potion of resistance for 130 gold pieces
 26430 | Orc:2    | Bought an Inescapable Atlas for 224 gold pieces
 26433 | Orc:2    | Learned a level 2 spell: Blink
 26438 | Orc:2    | Learned a level 4 spell: Manifold Assault
 26540 | D:10     | Reached skill level 10 in Fighting
 26728 | D:10     | Killed Erolcha
 26958 | D:10     | Reached skill level 1 in Translocations
 26977 | D:10     | Identified the +4 flail of Havoc {heavy, *Rage rN++}
 28400 | D:12     | Identified the +0 chain mail of the Saviour {Harm}
 28845 | D:12     | Found a transporter.
 28848 | D:12     | Noticed an orc warlord
 28848 | D:12     | Noticed niknal's ghost (journeyman TeWr)
 28849 | D:12     | Found a transporter.
 28852 | D:12     | a lindwurm changed into a broodmother
 28852 | D:12     | Noticed a broodmother (glowing shapeshifter)
 28855 | D:12     | a broodmother changed into a goliath frog
 29373 | D:13     | Noticed semem's ghost (journeyman DjSh)
 29391 | D:13     | Noticed Rupert
 29562 | D:13     | Found a portal to a secret trove of treasure.
 29738 | Orc:2    | Bought a runed demon blade for 612 gold pieces
 29895 | D:13     | You paid a toll of a +5 demon blade to enter a treasure
                  | trove
 29896 | Trove    | Entered a treasure trove
 29896 | Trove    | Found the brooch of Shielding {Spirit SH+8}
 29898 | Trove    | Identified the amulet of Achut {Acrobat rC- Str+4}
 29900 | Trove    | Identified the amulet of the Barracuda {Spirit Fly Str-5
                  | Int+3}
 29907 | Trove    | Identified the +0 hat of Failure {rF+ Regen+ Slay+2}
 29924 | Trove    | Identified the ring "Curiani Idghe" {Int+3 SInv}
 29935 | Trove    | Identified the ring "Somuaq" {AC+4 Str+3}
 30044 | Trove    | Identified the ring of Pufuef {+Blink rElec Will+ Int+3
                  | Slay+2}
 30172 | D:13     | Found a runed translucent door.
 30534 | D:13     | Killed Rupert
 30535 | D:13     | Reached skill level 15 in Unarmed Combat
 30642 | D:13     | Found a transporter.
 30661 | D:13     | Found a transporter.
 30928 | D:13     | Identified the ring of Coronation {rElec rPois rC+}
 30973 | D:13     | Found a runed translucent door.
 31070 | D:13     | Identified the ring "Ovue" {rPois rC+}
 31077 | D:13     | Identified the ring "Sawog" {rF- Str+6 Dex+4}
 31283 | D:13     | Found a gate to the Vaults.
 31482 | D:14     | Found Kimusch's Antique Weapon Shoppe.
 31806 | D:14     | Reached XP level 15. HP: 112/128 MP: 10/18
 33226 | D:14     | Reached skill level 10 in Dodging
 33492 | D:15     | Entered Level 15 of the Dungeon
 33705 | D:15     | HP: 6/193 [skeletal warrior/+0 trident (27)]
 33707 | D:15     | Mangled by a skeletal warrior

Illustrated notes

Levels and vault maps discovered:
D:1:      dpeg_arrival_solitude, layout_basic
D:2:      layout_loops_ring, shapermc_ecumenical_altar_notcrosses
D:3:      minmay_evil_eye, layout_loops_cross, yredelemnul_altar_generic,
          mainiacjoe_overflow_two_lobes, nicolae_figureground_pulse
D:4:      layout_loops_corners, kiku_gazebo_garden_becter,
          ebering_ghost_inner_flame
D:5:      layout_rooms, minitemple, serial_shops, shop
D:6:      layout_basic, serial_co_window_serial, co_window_corner_a,
          co_window_cross_1, co_window_corner_a, co_window_of_opportunity_a,
          co_window_corner_a, co_window_corner_a, co_window_paths_a,
          co_window_broadway_a, co_window_2corner, co_window_of_opportunity_c,
          co_window_paths_e, co_window_paths_d, minivault_22,
          kennysheep_generic_room_11, uniq_jeremiah, uniq_eustachio
D:7:      layout_loops_ring, gammafunk_temple_overflow_forgotten,
          minmay_temple_entry_drinking_statues, uniq_pikel
D:8:      layout_loops_ring, serial_shops, nicolae_square_shop
D:9:      layout_loops_cross, lair_entry_dummy, orc_0_dummy, uniq_erica,
          uniq_maggie
D:10:     layout_irregular_city, evilmike_butchery, uniq_erolcha
D:11:     layout_cave_pods, minivault_20
D:12:     layout_basic, gammafunk_ghost_arena, minmay_misc_feat_square
D:13:     minmay_the_grid_triangle_9x9_rhombus_thin
          [minmay_the_grid_triangle_9x9_limited_checkers,
          minmay_the_grid_triangle_9x9_prize_special,
          minmay_the_grid_triangle_9x9_tough_junction,
          minmay_the_grid_triangle_9x9_sprig], layout_loops_ring,
          hellmonk_vaults_keyhole, nicolae_trove_entry_isolated,
          gammafunk_ghost_wrathful_warriors,
          nicolae_gozag_cash_rules_everything_around_me, uniq_rupert
D:14:     dreamdust_isle_of_ice, layout_irregular_city, serial_shops,
          nicolae_shop_tiny_statue_garden, nicolae_uskayaw_suspiria
D:15:     hangedman_depths_entry_try_elsewhere_first, layout_long_grid,
          xom_teletrap_fun, item_on_display_a
Temple:   hc_temple_tempest_star
Lair:1:   gammafunk_indiana_jones, layout_loops_ring, grunt_megastairs_5
Lair:2:   layout_gridlike, nicolae_shoals_entry_roost,
          nicolae_snake_entry_warm_welcome, uniq_amaemon
Lair:3:   layout_layer_cave, lemuel_fruit_tree, lemuel_fruit_fields,
          serial_bayou_shore_a
Lair:4:   layout_cave_pods, basic_altar, serial_bayou_shore_b, uniq_sonja
Lair:5:   hellmonk_lair_end_abyssal_woods, layout_misc_corridors,
          dpeg_slime_entry_corner, hellmonk_guarded_unrand_vines
Orc:1:    layout_caves
Orc:2:    grunt_orc_cross, layout_diamond_mine

Skill      XL: |  1  2  3  4  5  6  7  8  9 10 11 12 13 14 15 |
---------------+----------------------------------------------+-----
Fighting       | 3 4 6 7 8 9 10 11 | 11.1
Dodging        | 2 3 4 5 7 8 9 10 | 10.1
Unarmed Combat | 2 3 4 5 6 8 10 11 12 14 15 | 15.9
Stealth        | 5 |  5.1
Shapeshifting  | 1 2 4 6 7 8 9 10 11 12 | 12.2
Armour         | 2 3 |  3.9
Evocations     | 2 4 6 7 8 |  8.2
Translocations | 2 |  2.5

Action                     |  1- 3 |  4- 6 |  7- 9 | 10-12 | 13-15 || total
---------------------------+-------+-------+-------+-------+-------++-------
  Melee: Unarmed           |    40 |   428 |   331 |   531 |   990 ||  2320
         Punch             |       |     7 |     6 |    14 |    47 ||    74
         Constrict         |       |       |       |    73 |   147 ||   220
         Maw               |       |       |       |       |   170 ||   170
  Throw: Dart              |     5 |     6 |     5 |       |       ||    16
Ability: Begin Untransform |       |     1 |     1 |       |       ||     2
  Evoke: Wand              |       |     2 |     7 |    15 |    22 ||    46
         Condenser vane    |       |       |       |     1 |     4 ||     5
    Use: Scroll            |     3 |     6 |     5 |     5 |    14 ||    33
         Potion            |       |     5 |     3 |     4 |     4 ||    16
   Stab: Sleeping          |     2 |    25 |     2 |     8 |    13 ||    50
         Distracted        |       |     1 |       |       |    12 ||    13
         Invisible         |       |     2 |     1 |       |     4 ||     7
 Armour: Leather armour    |    31 |   188 |   126 |       |       ||   345
         Skin              |       |       |     5 |   158 |   490 ||   653
         Scale mail        |       |       |    64 |   110 |       ||   174
  Dodge: Dodged            |    36 |   212 |   162 |   237 |   752 ||  1399
  Block: Other             |       |    65 |    76 |    80 |   262 ||   483
         Reflection        |       |       |       |       |     9 ||     9
   Form: Flux              |       |     3 |     1 |       |       ||     4
                           |       |     1 |       |       |       ||     1
         Anaconda          |       |       |       |     2 |     1 ||     3
         Blade             |       |       |       |     1 |       ||     1
         Maw               |       |       |       |       |     2 ||     2

Table legend: (Time is in decaauts)
 A = Elapsed time spent in this place.
 B = Non-inter-level travel time spent in this place.
 C = Inter-level travel time spent in this place.
 D = Time resting spent in this place.
 E = Time spent auto-exploring this place.
 F = Levels seen in this place.
 G = Mean time per level.
                   A        B        C        D        E       F      G
               +--------+--------+--------+--------+--------+-----+--------+
         Total |  33293 |  31864 |   1429 |   9844 |  15952 |  24 | 1387.2 |
       Dungeon |  19041 |  18218 |    823 |   4031 |  10664 |  15 | 1269.4 |
        Temple |    153 |    153 |      0 |    148 |      0 |   1 |  153.0 |
          Lair |  11069 |  10696 |    373 |   4688 |   4262 |   5 | 2213.8 |
  Orcish Mines |   2861 |   2629 |    232 |    976 |   1026 |   2 | 1430.5 |
         Trove |    166 |    166 |      0 |      0 |      0 |   1 |  166.0 |
               +--------+--------+--------+--------+--------+-----+--------+

Top non-repeatable levels by time:
  Lair:5: 2771 daAuts
  Lair:3: 2307 daAuts
  Lair:1: 2277 daAuts
  Lair:4: 2229 daAuts
   Orc:2: 2023 daAuts
     D:8: 1977 daAuts
    D:14: 1933 daAuts
     D:9: 1853 daAuts
     D:6: 1851 daAuts
     D:7: 1749 daAuts
    D:13: 1736 daAuts
  Lair:2: 1483 daAuts
     D:4: 1441 daAuts
     D:3: 1133 daAuts
    D:11: 1023 daAuts
